 Dungeon Crawl Stone Soup version 0.28.0-53-g5a82cb258f (webtiles) character file.

Game seed: 11272427268508272240

34986 issech the Protected (level 13, -5/103 HPs)
             Began as a Minotaur Monk on June 1, 2022.
             Was a High Priest of Hepliaklqana.
             Killed by divine providence
             ... invoked by a meliai
              (12 damage)
             ... on level 14 of the Dungeon on June 2, 2022.
             The game lasted 01:11:12 (16868 turns).

issech the Protected (Minotaur Monk)               Turns: 16868, Time: 01:11:12

Health: -5/103     AC: 26    Str: 20    XL:     13   Next: 45%
Magic:  30/30      EV: 14    Int:  7    God:    Hepliaklqana [*****.]
Gold:   687        SH: 16    Dex: 25    Spells: 12/12 levels left

rFire   + . .      SeeInvis +   s - +8 spear of Vicryun {vorpal, Dex+2}
rCold   . . .      Faith    .   J - +2 buckler {reflect}
rNeg    . . .      Spirit   .   G - +5 chain mail of Liberty {rPois MP+9 Dex+7 SInv}
rPois   +          Reflect  +   (helmet restricted)
rElec   +          Harm     .   U - +0 cloak
rCorr   .          Rampage  .   I - +0 pair of gloves
Will    .....                   F - +4 pair of boots of the Evil One {rElec rF+ Str+2}
Stlth   +.........              x - amulet of reflection
HPRegen 0.27/turn               n - ring of magical power
MPRegen 0.22/turn               (no ring)

@: studying Armour
A: reduced essence, horns 2, retaliatory headbutt
a: Renounce Religion, Recall Ancestor, Ancestor Identity, Transference, Idealise


You were on level 14 of the Dungeon.
You worshipped Hepliaklqana.
Hepliaklqana was extremely pleased with you.
You visited 2 branches of the dungeon, and saw 15 of its levels.

You collected 869 gold pieces.
You spent 182 gold pieces at shops.

Inventory:

Hand Weapons
 s - the +8 spear of Vicryun (weapon) {vorpal, Dex+2}
   (You found it on level 3 of the Dungeon)

   It inflicts extra damage upon your enemies.
   Dex:       It affects your dexterity (+2).
 R - the +2 trident of Kegerchud {drain, *Rage rElec rPois rF++ Will+}
   (You found it on level 7 of the Dungeon)

   A truly terrible weapon, it drains the life of any living foe it strikes.
   rF:        It greatly protects you from fire.
   rElec:     It insulates you from electricity.
   rPois:     It protects you from poison.
   *Rage:     It berserks you when you make melee attacks (+20% chance).
   Will:      It increases your willpower.
Missiles
 c - 547 stones
 e - 465 arrows
 g - 157 bolts
 l - 220 sling bullets
 H - 6 curare-tipped darts
 L - 24 boomerangs (quivered)
 Q - a throwing net
 X - 6 javelins
 Y - 55 poisoned darts
Armour
 r - +0 shadow dragon scales
 B - a +3 leather armour of fire resistance
 D - a +2 leather armour of cold resistance
 F - the +4 pair of boots of the Evil One (worn) {rElec rF+ Str+2}
   (You acquired it on level 6 of the Dungeon)

   Str:       It affects your strength (+2).
   rF:        It protects you from fire.
   rElec:     It insulates you from electricity.
 G - the +5 chain mail of Liberty (worn) {rPois MP+9 Dex+7 SInv}
   (You found it on level 9 of the Dungeon)

   Dex:       It affects your dexterity (+7).
   rPois:     It protects you from poison.
   MP:        It affects your magic capacity (+9).
   SInv:      It lets you see invisible.
 I - a +0 pair of gloves (worn)
 J - a +2 buckler of reflection (worn)
 U - a +0 cloak (worn)
Jewellery
 k - a ring of protection from fire
 n - a ring of magical power (left hand)
 x - an amulet of reflection (around neck)
 P - an amulet of guardian spirit
 Z - a ring of fire
Wands
 a - a wand of flame (7)
 i - a wand of acid (6)
 m - a wand of iceblast (17)
 t - a wand of polymorph (5)
 z - a wand of charming (11)
 A - a wand of paralysis (4)
Scrolls
 b - a scroll of fog
 p - 3 scrolls of silence
 v - 5 scrolls of fear
 w - 5 scrolls of blinking
 y - 2 scrolls of amnesia
 C - 6 scrolls of teleportation
 O - 2 scrolls of holy word
 V - 3 scrolls of enchant weapon
Potions
 d - a potion of cancellation
 f - 10 potions of haste {unknown}
 h - a potion of ambrosia
 j - a potion of berserk rage
 o - a potion of resistance
 q - 2 potions of flight
 u - 4 potions of might {unknown}
 E - a potion of mutation
 M - 5 potions of curing {unknown}
 S - 3 potions of brilliance {unknown}
 T - 2 potions of lignification {unknown}
Miscellaneous
 K - a box of beasts


   Skills:
 + Level 10.8 Fighting
 + Level 2.9 Short Blades
 + Level 4.1(9.5) Axes
 + Level 13.2(13.5) Polearms
 + Level 2.7 Throwing
 + Level 13.4 Armour
 + Level 9.2 Dodging
 + Level 7.5 Stealth
 + Level 12.9 Shields


You had 12 spell levels left.
You didn't know any spells.
Your spell library contained the following spells:

 Spells                   Type           Power      Damage    Failure   Level
 Sandblast                Erth           0%         2d4       97%         1
 Sting                    Tmut/Pois      0%         1d3       97%         1
 Poisonous Vapours        Pois/Air       0%         N/A       99%         2
 Stone Arrow              Conj/Erth      0%         3d7       100%        3
 Animate Armour           Summ/Erth      0%         N/A       100%        4
 Olgreb's Toxic Radiance  Pois           0%         N/A       100%        4
 Petrify                  Tmut/Erth      0%         N/A       100%        4
 Iron Shot                Conj/Erth      0%         9d1       100%        6
 Statue Form              Tmut/Erth      0%         N/A       100%        6
 Lehudib's Crystal Spear  Conj/Erth      0%         10d2      100%        8


Dungeon Overview and Level Annotations

Branches:
Dungeon (14/15)            Temple (1/1) D:5            Lair (0/6) D:11
    Orc (0/2) D:12         Vaults (0/5) D:13

Altars:
Ashenzari
Cheibriados
Dithmenos
Elyvilon
Fedhas
Gozag
Hepliaklqana
Kikubaaqudgha
Makhleb
Nemelex Xobeh
Okawaru
Qazlal
Ru
Sif Muna
Trog
Uskayaw
Vehumet
Wu Jian
Xom
Yredelemnul
Zin
The Shining One
Lugonu

Shops:
D:2 [   D:3 !::!   D:4 ?*   D:6 [   D:10 *   D:14 *

Annotations:
D:10 2 transporters
D:14 1 transporter, mortz's ghost, journeyman DgEE


Innate Abilities, Weirdness & Mutations

Your life essence is reduced to manifest your ancestor. (-10% HP)
You have a pair of horns on your head.
You reflexively headbutt those who attack you in melee.


Message History

Something smites you!
The meliai calls upon its god to heal the meliai.
The meliai is healed somewhat.
You hit the meliai but do no damage. Your headbutt misses the meliai.
The meliai is lightly wounded.
You block the meliai's attack. x2
Unknown command.
You hit the meliai.
The meliai is moderately wounded.
You block the meliai's attack. x2
You hit the meliai. You headbutt the meliai.
The meliai is heavily wounded.
The meliai barely misses you. You block the meliai's attack.
You hit the meliai.
You headbutt the meliai, but do no damage.
The meliai is severely wounded.
The meliai hits you but does no damage.
The meliai stings you but does no damage.
You puncture the meliai!
You kill the meliai!
The meliai mumbles some strange prayers to its god against you.
Something smites you!
Reach: s) +8 spear of Vicryun {vorpal, Dex+2}
Press: ? - help, Dir - move target, f - meliai
Aim: a meliai, wielding a +0 hand axe and wearing a +0 robe (ally target, about 30% to evade the +8 spear of Vicryun)
You reach to attack!
You hit the meliai.
The meliai is moderately wounded.
The meliai mumbles some strange prayers to its god against you.
Something smites you!
* * * LOW HITPOINT WARNING * * *
You puncture the meliai!
The meliai is severely wounded.
The meliai mumbles some strange prayers to its god against you.
Something smites you!
* * * LOW HITPOINT WARNING * * *
You swap places.
The meliai hits Ara with a +0 hand axe!
The meliai barely misses Ara.
The meliai calls down the wrath of its god upon you.
Something smites you!
You die...

#...>..# ######.# ##
.######.##############.#
)<......#.......@Ryy...#
.########.##############
.########.# ....<.....#
###########


You could see the friendly Ara the battlemage and 2 meliai.

Vanquished Creatures
  Josephine (D:13)
  Harold (D:7)
  A boulder beetle (D:13)
  2 hydras (D:13)
  3 centaur warriors
  A death knight (D:8)
  6 two-headed ogres
  Urug (D:13)
  An iron troll (D:13)
  3 deep elf pyromancers
  2 manticores
  2 ugly things
  2 cyclopes (D:14)
  Joseph (D:7)
  A gargoyle (D:12)
  An efreet (D:13)
  2 unseen horrors
  2 trolls
  A troll (shapeshifter) (D:8)
  A meliai (D:14)
  2 hornets
  4 wraiths
  A water elemental (D:14)
  4 wyverns
  6 yaks
  4 steam dragons
  6 vampire mosquitoes
  A warg (D:12)
  A water moccasin (D:9)
  2 black bears (D:8)
  A sky beast (D:8)
  5 orc warriors
  An ice beast (D:6)
  An ogre (D:5)
  11 centaurs
  2 kobold brigands
  3 bullfrogs
  3 scorpions
  A gnoll sergeant (D:4)
  A wyvern skeleton (D:6)
  3 killer bees
  10 wights
  3 howler monkeys
  A bullfrog zombie (D:5)
  3 centaur zombies
  A hound (D:5)
  2 jellies
  8 orc priests
  3 centaur skeletons (D:7)
  5 iguanas
  8 orc wizards
  Terence (D:3)
  2 howler monkey zombies (D:9)
  6 adders
  10 gnolls
  2 howler monkey skeletons
  2 shadow imps
  2 white imps
  2 ufetubi (D:5)
  2 worms
  2 dart slugs (D:1)
  34 orcs
  6 endoplasms
  3 giant cockroaches
  7 goblins
  6 hobgoblins
  17 kobolds
  8 ball pythons
  11 bats
  3 frilled lizards
  7 rats
275 creatures vanquished.

Vanquished Creatures (collateral kills)
  The ghost of GloriousHammer the Brawler, a journeyman TrHu of Okawaru (D:10)
  A catoblepas (D:14)
  2 two-headed ogres
  A skeletal warrior (D:7)
  A necromancer (D:13)
  2 manticores (D:12)
  2 cyclopes
  A kobold demonologist (D:10)
  A troll (D:8)
  A raiju (shapeshifter) (D:13)
  A hornet (D:7)
  A ynoxinul (D:10)
  3 yaks
  6 wraiths
  A wyvern (D:8)
  A water elemental (D:14)
  A basilisk (D:12)
  4 vampire mosquitoes
  A steam dragon (D:8)
  3 wargs (D:11)
  A water moccasin (D:6)
  An orc warrior (D:9)
  An ogre (D:6)
  4 centaurs
  A phantom (D:5)
  3 kobold brigands
  3 bullfrogs
  A gnoll sergeant (D:8)
  A water moccasin zombie (D:5)
  2 scorpions
  2 killer bees (D:9)
  A howler monkey (D:7)
  4 wights (D:6)
  A centaur zombie (D:8)
  A bullfrog zombie (D:6)
  2 hounds
  A centaur skeleton (D:7)
  3 orc priests
  2 iguanas (D:6)
  4 orc wizards
  2 gnolls (D:8)
  A shadow imp (D:7)
  12 orcs
  2 goblins
  7 kobolds
98 creatures vanquished.

Vanquished Creatures (others)
  5 battlemagi
  10 fungi (D:1)
  5 plants
20 creatures vanquished.

Grand Total: 393 creatures vanquished

Notes
Turn   | Place    | Note
-------+----------+-------------------------------------------
     0 | D:1      | issech the Minotaur Monk began the quest for the Orb.
     0 | D:1      | Reached XP level 1. HP: 19/19 MP: 0/0
   166 | D:1      | Reached XP level 2. HP: 21/27 MP: 1/1
   572 | D:1      | Reached XP level 3. HP: 33/33 MP: 2/2
   620 | D:1      | Found a faded altar of an unknown god.
  1081 | D:2      | Found a sacrificial altar of Ru.
  1179 | D:2      | Found Ymnufri's Antique Armour Emporium.
  1481 | D:2      | Reached skill level 1 in Short Blades
  1780 | D:2      | Reached XP level 4. HP: 35/41 MP: 3/3
  2089 | D:3      | Found Giob's Distillery.
  2124 | D:3      | Identified the +8 spear of Vicryun {vorpal, Dex+2}
  2137 | D:3      | Reached skill level 1 in Armour
  2329 | D:3      | Found Ihiceot's Book Shop.
  2396 | D:3      | Found a glowing golden altar of the Shining One.
  2484 | D:3      | Noticed Terence
  2488 | D:3      | Killed Terence
  2489 | D:3      | Reached XP level 5. HP: 47/47 MP: 4/4
  2534 | D:3      | Found Jis Xupp's Book Shoppe.
  2544 | D:3      | Found a stormy altar of Qazlal.
  2546 | D:3      | Found an ornate altar of the Wu Jian Council.
  2806 | D:3      | Found Rusiuh's Distillery.
  3235 | D:4      | Found Jalu's General Store.
  3255 | D:4      | Reached skill level 1 in Polearms
  3283 | D:4      | Bought a potion of degeneration for 10 gold pieces
  3297 | D:4      | Reached XP level 6. HP: 26/55 MP: 5/5
  3637 | D:3      | Reached skill level 5 in Fighting
  3788 | D:4      | Found a bloodstained altar of Trog.
  4134 | D:4      | Found Vyosh's Magic Scroll Shoppe.
  4138 | D:4      | Bought a scroll of identify for 28 gold pieces
  4138 | D:4      | Bought a scroll of identify for 28 gold pieces
  4356 | D:5      | Entered Level 5 of the Dungeon
  4367 | D:5      | Reached XP level 7. HP: 56/61 MP: 6/6
  4503 | D:5      | Found a staircase to the Ecumenical Temple.
  4529 | Temple   | Entered the Ecumenical Temple
  4559 | Temple   | Became a worshipper of Hepliaklqana the Forgotten
  4559 | Temple   | Reached * piety under Hepliaklqana
  4559 | Temple   | Reached ** piety under Hepliaklqana
  4560 | Temple   | Remembered your ancestor Ara as a battlemage
  4837 | D:5      | Noticed a troll
  4849 | D:5      | Killed a troll
  4850 | D:5      | Reached skill level 5 in Polearms
  4850 | D:5      | Reached skill level 5 in Armour
  5153 | D:5      | Reached XP level 8. HP: 62/62 MP: 7/7
  5685 | D:6      | Found Udef's Armour Boutique.
  5697 | D:6      | Bought a +0 pair of gloves for 58 gold pieces
  5697 | D:6      | Bought a +0 buckler for 58 gold pieces
  5788 | D:6      | Found a shimmering altar of Xom.
  5805 | D:6      | Reached skill level 5 in Dodging
  6054 | D:6      | Reached XP level 9. HP: 49/68 MP: 8/8
  6158 | D:6      | Identified a scroll of acquirement
  6163 | D:6      | Acquired the +4 pair of boots of the Evil One {rElec rF+
                  | Str+2}
  6760 | D:7      | Reached skill level 1 in Shields
  6878 | D:7      | Noticed Joseph
  6895 | D:7      | Killed Joseph
  7023 | D:7      | Reached *** piety under Hepliaklqana
  7613 | D:7      | Noticed Harold
  7624 | D:7      | Killed Harold
  7625 | D:7      | Reached XP level 10. HP: 46/77 MP: 5/9
  7823 | D:7      | Noticed a two-headed ogre
  7830 | D:7      | Killed a two-headed ogre
  7831 | D:7      | Noticed a skeletal warrior
  7831 | D:7      | Noticed a two-headed ogre
  7839 | D:7      | Reached skill level 10 in Polearms
  7846 | D:7      | Noticed a cyclops
  7858 | D:7      | Killed a skeletal warrior
  7859 | D:7      | Reached skill level 5 in Stealth
  8151 | D:7      | Noticed a two-headed ogre
  8157 | D:7      | Killed a cyclops
  8191 | D:7      | Killed a two-headed ogre
  8310 | D:7      | Killed a two-headed ogre
  8311 | D:7      | Reached skill level 1 in Throwing
  8494 | D:7      | Identified the +2 trident of Kegerchud {drain, *Rage rElec
                  | rPois rF++ Will+}
  8917 | D:8      | Found a large runed translucent door.
  8919 | D:8      | Found a large runed translucent door.
  8941 | D:8      | Reached XP level 11. HP: 84/84 MP: 10/10
  8944 | D:8      | Noticed a death knight
  8969 | D:8      | Killed a death knight
  8970 | D:8      | Reached skill level 5 in Shields
  9070 | D:8      | Found a large runed translucent door.
  9070 | D:8      | Found a large runed translucent door.
  9109 | D:8      | Noticed a brown ugly thing
  9120 | D:8      | Killed a brown ugly thing
  9733 | D:8      | Noticed a deep elf pyromancer
  9736 | D:8      | Killed a deep elf pyromancer
  9737 | D:8      | Reached skill level 10 in Armour
  9800 | D:8      | Noticed a centaur warrior
  9835 | D:8      | Killed a centaur warrior
  9869 | D:8      | HP: 2/85 [troll (10)]
 10826 | D:9      | Identified the +5 chain mail of Liberty {rPois MP+9 Dex+7
                  | SInv}
 10919 | D:9      | Reached **** piety under Hepliaklqana
 11637 | D:10     | Entered Level 10 of the Dungeon
 11809 | D:10     | Noticed a green ugly thing
 11810 | D:10     | Noticed a large abomination
 11810 | D:10     | Noticed a red ugly thing
 11811 | D:10     | Noticed a brown ugly thing
 11811 | D:10     | Noticed a white ugly thing
 11812 | D:10     | Found a corrupted altar of Lugonu.
 11812 | D:10     | Noticed a green ugly thing
 11812 | D:10     | Noticed a white ugly thing
 11867 | D:10     | Noticed a two-headed ogre
 11876 | D:10     | Killed a two-headed ogre
 11877 | D:10     | Reached XP level 12. HP: 79/93 MP: 11/11
 12085 | D:10     | Found a runed translucent door.
 12086 | D:10     | Noticed GloriousHammer's ghost (journeyman TrHu)
 12349 | D:10     | Found Qoipn's General Store.
 12446 | D:10     | Found a transporter.
 12449 | D:10     | Found a transporter.
 12608 | D:10     | Killed GloriousHammer's ghost
 12617 | D:10     | Got the Papyrus of Clay
 12876 | D:11     | Reached ***** piety under Hepliaklqana
 12907 | D:11     | Found a staircase to the Lair.
 12997 | D:11     | Noticed a two-headed ogre
 13008 | D:11     | Killed a two-headed ogre
 14614 | D:12     | Reached skill level 10 in Shields
 14851 | D:12     | Found a staircase to the Orcish Mines.
 14863 | D:12     | Reached skill level 10 in Fighting
 15265 | D:13     | Noticed a seven-headed hydra
 15272 | D:13     | Killed a seven-headed hydra
 15284 | D:13     | Noticed Josephine
 15298 | D:13     | Killed Josephine
 15314 | D:13     | Noticed a boulder beetle
 15317 | D:13     | Noticed a centaur warrior
 15337 | D:13     | Killed a centaur warrior
 15352 | D:13     | Killed a boulder beetle
 15595 | D:13     | Noticed a five-headed hydra
 15606 | D:13     | Killed a five-headed hydra
 15607 | D:13     | Reached XP level 13. HP: 99/102 MP: 12/12
 15977 | D:13     | Noticed Urug
 15988 | D:13     | Killed Urug
 16122 | D:13     | Found a gate to the Vaults.
 16569 | D:14     | Noticed mortz's ghost (journeyman DgEE)
 16571 | D:14     | Found a transporter.
 16571 | D:14     | Identified the +9 great mace of Inquiry {flame, Will-
                  | Dex+5}
 16571 | D:14     | Noticed a fire giant
 16572 | D:14     | Noticed an ettin
 16653 | D:14     | Found Piklam's Assorted Antiques.
 16868 | D:14     | Killed from afar by a meliai

Illustrated notes

Levels and vault maps discovered:
D:1:      eino_arrival_water_cross, layout_loops_ring,
          dreamdust_ecumenical_altar_hidden_monk_grotto, minmay_tromino_v2
D:2:      layout_basic, serial_shops, shop, basic_altar
D:3:      layout_basic, mainiacjoe_overflow_alcove_2,
          chequers_temple_overflow_statue_of_worship, serial_shops,
          nicolae_shop_trees, nicolae_shop_window_shopping, shop,
          nicolae_shop_crystal, uniq_terence
D:4:      layout_basic, lemuel_doored_altar, serial_shops, kennysheep_mini, shop
D:5:      layout_basic, minmay_temple_entry_statues_fountains
D:6:      layout_gridville, mainiacjoe_overflow_six_doors_small, serial_shops,
          nicolae_square_shop
D:7:      minmay_the_grid_octo_2x2 [minmay_the_grid_octo_clover,
          minmay_the_grid_octo_tetromino_candy, minmay_the_grid_octo_toaster,
          minmay_the_grid_octo_prize_ultimate_mussel_roller], layout_loops_ring,
          st_stairs_1, minmay_misc_feat_encased, uniq_joseph, uniq_harold
D:8:      minmay_chambers_of_sevens, layout_basic,
          lightli_bailey_entry_fortress, minmay_hollow_rounded_squares
D:9:      minmay_recursive_quarters, layout_cave_pools
D:10:     gammafunk_corrupted_shrine, layout_basic, hellmonk_ghost_big_iron,
          serial_shops, nicolae_square_shop
D:11:     layout_roguey, erik_lair_orcish_takeover, nicolae_figureground_pulse
D:12:     layout_roguey, erik_orc_4
D:13:     layout_long_grid, david_vaults_4, uniq_urug, uniq_josephine
D:14:     layout_loops_ring, minivault_4, gammafunk_ghost_smash, serial_shops,
          shop
Temple:   minmay_crystal_spiral_temple

Skill      XL: |  1  2  3  4  5  6  7  8  9 10 11 12 13 |
---------------+----------------------------------------+-----
Fighting       | 4 5 6 7 8 9 10 | 10.8
Axes           | 4 |  4.1
Short Blades   | 1 2 |  2.9
Stealth        | 2 3 4 5 7 |  7.5
Dodging        | 4 5 6 7 8 9 |  9.2
Armour         | 2 3 5 7 8 9 10 12 13 | 13.4
Polearms       | 1 3 5 7 9 10 12 13 | 13.2
Shields        | 3 4 8 11 12 | 12.9
Throwing       | 1 2 |  2.7

Action                   |  1- 3 |  4- 6 |  7- 9 | 10-12 | 13-15 || total
-------------------------+-------+-------+-------+-------+-------++-------
Melee: Dagger            |   133 |    12 |       |       |       ||   145
       Headbutt          |    22 |    10 |    30 |   138 |    31 ||   231
       Hand axe          |     2 |       |       |       |       ||     2
       Punch             |     3 |       |       |       |       ||     3
       Spear             |       |    81 |   162 |   559 |   111 ||   913
Throw: Stone             |       |     1 |     1 |       |       ||     2
       Boomerang         |       |       |       |    14 |       ||    14
Invok: Ancestor Life: Ba |       |       |     1 |       |       ||     1
  Use: Scroll            |       |     6 |     5 |    11 |       ||    22
       Potion            |       |       |       |     1 |       ||     1
 Stab: Sleeping          |     3 |       |     2 |    11 |       ||    16
       Distracted        |       |       |     2 |     7 |     1 ||    10
Armor: Robe              |     8 |       |       |       |       ||     8
       Scale mail        |    20 |     7 |       |       |       ||    27
       Ring mail         |       |    13 |    54 |    44 |       ||   111
       Chain mail        |       |       |       |    74 |    13 ||    87
Dodge: Dodged            |    48 |    27 |    75 |   194 |    18 ||   362
Block: Buckler           |       |       |    28 |   279 |    46 ||   353
       Reflection        |       |       |       |    28 |    11 ||    39
